 Dungeon Crawl Stone Soup version 0.18.1-50-g88ac8fd (webtiles) character file.

12833 magog001 the Blocker (level 11, -11/101 HPs)
             Began as a Minotaur Fighter on Apr 23, 2018.
             Was a Believer of Nemelex Xobeh.
             Mangled by an ice devil (27 damage)
             ... in an ice cave on Apr 24, 2018.
             The game lasted 00:51:52 (9699 turns).

magog001 the Blocker (Minotaur Fighter)             Turns: 9699, Time: 00:51:54

Health: -11/101    AC: 27    Str: 26    XL:     11   Next: 67%
Magic:  11/11      EV:  8    Int:  7    God:    Nemelex Xobeh [**....]
Gold:   175        SH: 16    Dex: 10    Spells: 0 memorised, 10 levels left

rFire  + + .     SeeInvis .     K - +2 flail (protect)
rCold  x . .     Gourm    .     Q - +0 plate armour
rNeg   . . .     Faith    .     L - +3 shield
rPois  .         Spirit   .     N - +2 hat
rElec  .         Dismiss  .     (no cloak)
rCorr  .         Reflect  .     (no gloves)
SustAt +         Harm     .     e - +1 pair of boots
MR     .....     Rnd*Rage +     X - amulet of regeneration
Stlth  ..........               R - ring of fire
                                l - ring of sustain attributes

@: not resistant to hostile enchantments, extremely unstealthy
A: retaliatory headbutt, beak, horns 2, rugged brown scales 1, slimy green
scales 1, berserk 1, clever 1, fire resistance 1, mutation resistance 1, strong
1, sturdy frame 1
a: Renounce Religion


You were in an ice cave.
You worshipped Nemelex Xobeh.
Nemelex Xobeh was pleased with you.
You were not hungry.

You visited 3 branches of the dungeon, and saw 12 of its levels.
You also visited: Ice Cave.

You collected 475 gold pieces.
You spent 300 gold pieces at shops.

Inventory:

Hand Weapons
 a - a +0 war axe
 j - a +0 hunting sling of velocity
 K - a +2 flail of protection (weapon)
Missiles
 m - 33 sling bullets
 n - 49 poisoned needles
 S - 3 needles of sleeping
Armour
 e - a +1 pair of boots (worn)
 L - a +3 shield (worn)
 N - a +2 hat (worn)
 Q - a +0 plate armour (worn)
Jewellery
 d - an uncursed ring of wizardry
 l - a ring of sustain attributes (left hand)
 M - a +4 amulet of reflection
 R - a ring of fire (right hand)
 X - an amulet of regeneration (around neck)
Wands
 t - a wand of disintegration (23/24)
 u - a wand of flame (18/48)
 v - a wand of disintegration (9/24)
 x - a wand of paralysis (15/24)
 y - a wand of digging (14/24)
 C - a wand of slowing (31/48)
 F - a wand of confusion (23/48)
 G - a wand of random effects (17/48)
 I - a wand of flame (15/48)
 O - a wand of iceblast (12/15)
 U - a wand of iceblast (7/15)
 V - a wand of flame (24/48)
Scrolls
 o - a scroll of teleportation
 p - a scroll of amnesia
 q - 2 scrolls of identify
 r - 7 scrolls of remove curse
 J - 4 scrolls of recharging
Potions
 c - a potion of magic
 g - 2 potions of brilliance
 i - a potion of berserk rage {unknown}
 s - 2 potions of lignification {unknown}
 D - a potion of flight
Miscellaneous
 w - a plain deck of destruction
 z - a legendary deck of destruction
 E - a plain deck of escape
 P - a plain deck of war
 W - a plain deck of war
Comestibles
 b - a slice of pizza
 f - a beef jerky
 h - 7 meat rations
 A - 2 royal jellies
 B - 13 fruits


   Skills:
 * Level 10.1 Fighting
 - Level 8.0(9.4) Axes
 * Level 7.7(9.3) Maces & Flails
 * Level 10.9 Armour
 - Level 2.0 Dodging
 - Level 0.3 Stealth
 * Level 13.5 Shields
 + Level 1.4 Evocations


You had 10 spell levels left.
You didn't know any spells.

Dungeon Overview and Level Annotations

Branches:
Dungeon (8/15)             Temple (1/1) D:5            Lair (3/8) D:8
  Swamp: Lair:3-6    Shoals: Lair:3-6     Snake: Lair:3-6    Spider: Lair:3-6

Altars:
Ashenzari
Cheibriados
Dithmenos
Elyvilon
Fedhas
Gozag
Kikubaaqudgha
Makhleb
Nemelex Xobeh
Okawaru
Pakellas
Qazlal
Ru
Sif Muna
Trog
Vehumet
Yredelemnul
Zin
The Shining One

Shops:
D:8 =

Annotations:
IceCv exclusion: 2 ice statues


Innate Abilities, Weirdness & Mutations

You reflexively headbutt those who attack you in melee.
You have a pair of horns on your head.
You have a beak for a mouth.
You are partially covered in rugged brown scales (AC +1, +3% HP).
You are partially covered in slimy green scales (AC +2).
You tend to lose your temper in combat.
Your mind is acute. (Int +2)
Your flesh is heat resistant.
You are somewhat resistant to further mutation.
Your muscles are strong. (Str +2)
Your movements are slightly less encumbered by armour (ER -2).


Message History

* * * LOW HITPOINT WARNING * * *
You block the ice devil's attack.
There is an ice covered gate leading back out of this place here.
Drink which item? (? for menu, Esc to quit)
You feel better. The ice devil barely misses you.
You closely miss the ice devil. Your peck misses the ice devil.
The ice devil is almost dead.
You block the ice devil's attack. x2
You hit the ice devil.
The ice devil is almost dead.
The ice devil barely misses you. You block the ice devil's attack. x2
Your plate armour prevents you from hitting the ice devil.
The ice devil is almost dead.
You block the ice devil's attack.
The ice devil hits you but does no damage.
The ice devil hits you!
* * * LOW HITPOINT WARNING * * *
The ice devil freezes you!!
You feel a terrible chill!
You die...
Your body glows slightly and disappears.

##### .....##
.......## ........#
........8 ####
........########..##
.........##..##....##
...............4....#
..⌠............4@∩..#
...........##...4...#
.........######....##
........## ##..##
........8 ####
........# .......##


You could see 3 ice devils.

Vanquished Creatures
  Pikel (D:4)
  A black mamba (Lair:1)
  2 spiny frogs
  3 komodo dragons
  2 ice devils (IceCv)
  3 blink frogs (Lair:2)
  Sigmund (D:3)
  21 yaks
  A hungry ghost (D:8)
  2 basilisks
  4 hippogriffs
  Eustachio (D:5)
  Menkaure (D:6)
  Edmund (D:6)
  3 water moccasins
  2 porcupines
  Duvessa (D:5)
  2 orc warriors (D:6)
  10 ice beasts
  3 sky beasts
  6 ogres
  2 centaurs
  2 phantoms
  2 crocodiles
  8 giant frogs
  Dowan (D:5)
  A scorpion (D:8)
  4 wights (D:7)
  2 howler monkeys
  A centaur zombie (D:8)
  3 crimson imps (D:7)
  A giant frog zombie (D:6)
  Crazy Yiuf (D:3)
  11 orc wizards
  A quasit (D:6)
  8 orc priests
  4 hounds
  2 worker ants
  2 iguanas
  A killer bee zombie (D:7)
  A hound zombie (D:7)
  3 hound skeletons
  Robin (D:2)
  3 adders
  4 gnolls (D:6)
  13 river rats (Lair:2)
  An adder skeleton (D:5)
  4 worms
  2 dart slugs
  3 giant geckos
  19 orcs
  9 bats
  7 giant cockroaches
  17 goblins
  11 hobgoblins
  5 jackals
  11 kobolds
  A giant gecko skeleton (D:6)
  4 giant newts
  A quokka skeleton (D:4)
  3 rats
251 creatures vanquished.

Vanquished Creatures (others)
  A giant frog (D:6)
  A worker ant (D:4)
  An adder (D:4)
  A giant cockroach (D:4)
  A quokka (D:4)
  A fungus (Lair:2)
6 creatures vanquished.

Grand Total: 257 creatures vanquished

Notes
Turn   | Place    | Note
--------------------------------------------------------------
     0 | D:1      | magog001 the Minotaur Fighter began the quest for the Orb.
     0 | D:1      | Reached XP level 1. HP: 19/19 MP: 0/0
   251 | D:1      | Reached XP level 2. HP: 26/27 MP: 1/1
   380 | D:1      | Reached skill level 4 in Shields
   611 | D:2      | Reached XP level 3. HP: 33/33 MP: 2/2
   727 | D:2      | Found a radiant altar of Vehumet.
   727 | D:2      | Found a glowing silver altar of Zin.
   727 | D:2      | Found a blossoming altar of Fedhas.
   745 | D:2      | Noticed Robin
   770 | D:2      | Killed Robin
   770 | D:2      | Reached skill level 1 in Dodging
  1206 | D:3      | Noticed a giant frog
  1220 | D:3      | Killed a giant frog
  1220 | D:3      | Reached XP level 4. HP: 7/41 MP: 3/3
  1585 | D:3      | Found an ancient bone altar of Kikubaaqudgha.
  1673 | D:3      | Noticed Sigmund
  1761 | D:4      | Reached XP level 5. HP: 47/47 MP: 4/4
  1819 | D:4      | Reached skill level 5 in Fighting
  1819 | D:4      | Reached skill level 5 in Shields
  1826 | D:4      | Noticed a phantom
  1846 | D:4      | Killed a phantom
  1846 | D:4      | Reached XP level 6. HP: 23/56 MP: 5/5
  2079 | D:4      | Noticed a slave
  2081 | D:4      | Noticed Pikel
  2081 | D:4      | Noticed a slave
  2081 | D:4      | Noticed a slave
  2081 | D:4      | Noticed a slave
  2101 | D:4      | Killed Pikel
  2101 | D:4      | Reached skill level 5 in Axes
  2101 | D:4      | Reached skill level 6 in Shields
  2101 | D:4      | Reached XP level 7. HP: 49/62 MP: 6/6
  2279 | D:4      | Found a sacrificial altar of Ru.
  2900 | D:3      | Reached XP level 8. HP: 62/70 MP: 7/7
  3008 | D:3      | Noticed Crazy Yiuf
  3011 | D:3      | Killed Crazy Yiuf
  3232 | D:3      | Killed Sigmund
  3357 | D:3      | Found a glowing golden altar of the Shining One.
  3410 | D:5      | Entered Level 5 of the Dungeon
  3411 | D:5      | Noticed Eustachio
  3460 | D:5      | Killed Eustachio
  3467 | D:5      | Found a staircase to the Ecumenical Temple.
  3477 | Temple   | Entered the Ecumenical Temple
  3564 | D:5      | Reached skill level 7 in Shields
  3908 | D:5      | Noticed Duvessa
  3911 | D:5      | Noticed Dowan
  3917 | D:5      | Killed Duvessa
  3927 | D:5      | Killed Dowan
  4826 | D:6      | Noticed Edmund
  4852 | D:6      | Killed Edmund
  4852 | D:6      | Reached XP level 9. HP: 58/79 MP: 8/8
  4962 | D:6      | Reached skill level 1 in Evocations
  5207 | D:6      | Found a white marble altar of Elyvilon.
  5281 | D:6      | Reached skill level 1 in Maces & Flails
  5297 | D:6      | Gained mutation: Your muscles are strong. (Str +2) [mutagenic meat]
  5298 | D:6      | Lost mutation: Your muscles are strong. (Str +2) [mutagenic meat]
  5299 | D:6      | Gained mutation: Your muscles are strong. (Str +2) [mutagenic meat]
  5422 | D:6      | Found a snail-covered altar of Cheibriados.
  5422 | D:6      | Noticed Menkaure
  5429 | D:6      | Killed Menkaure
  5429 | D:6      | Reached skill level 8 in Shields
  5467 | D:6      | Found a shadowy altar of Dithmenos.
  5998 | D:7      | Found an oddly glowing altar of Pakellas.
  6390 | D:6      | Reached skill level 9 in Shields
  6665 | D:7      | Found a shattered altar of Ashenzari.
  6686 | D:7      | Found a basalt altar of Yredelemnul.
  6708 | D:7      | Found a sparkling altar of Nemelex Xobeh.
  6711 | D:7      | Found a stormy altar of Qazlal.
  6788 | D:7      | Became a worshipper of Nemelex Xobeh the Trickster
  6821 | D:7      | Received a gift from Nemelex Xobeh
  6967 | D:8      | Reached XP level 10. HP: 90/90 MP: 9/9
  7124 | D:8      | Found a staircase to the Lair.
  7125 | D:8      | Received a gift from Nemelex Xobeh
  7197 | D:8      | Found Denoeme's Jewellery Shoppe.
  7211 | D:8      | Bought a +4 amulet of reflection for 300 gold pieces
  7244 | D:8      | Reached * piety under Nemelex Xobeh
  7277 | D:8      | Reached skill level 10 in Shields
  7288 | D:8      | Gained mutation: Your mind is acute. (Int +2) [mutagenic meat]
  7289 | D:8      | Gained mutation: You are partially covered in slimy green scales (AC +2). [mutagenic meat]
  7290 | D:8      | Gained mutation: Your movements are slightly less encumbered by armour (ER -2). [mutagenic meat]
  7291 | D:8      | Gained mutation: You are partially covered in rugged brown scales (AC +1, +3% HP). [mutagenic meat]
  7292 | D:8      | Gained mutation: You have a beak for a mouth. [mutagenic meat]
  7720 | Lair:1   | Entered Level 1 of the Lair of Beasts
  7720 | Lair:1   | Noticed a black mamba
  7720 | Lair:1   | Noticed a spiny frog
  7728 | Lair:1   | Killed a spiny frog
  7737 | Lair:1   | Killed a black mamba
  7921 | Lair:1   | Reached skill level 10 in Armour
  7933 | Lair:1   | Gained mutation: Your flesh is heat resistant. [potion of mutation]
  7933 | Lair:1   | Gained mutation: You tend to lose your temper in combat. [potion of mutation]
  7933 | Lair:1   | Gained mutation: You are somewhat resistant to further mutation. [potion of mutation]
  7996 | Lair:1   | Reached skill level 5 in Maces & Flails
  8275 | Lair:1   | Reached skill level 11 in Shields
  8525 | Lair:2   | Received a gift from Nemelex Xobeh
  8569 | Lair:2   | Noticed a spiny frog
  8571 | Lair:2   | Reached ** piety under Nemelex Xobeh
  8579 | Lair:2   | Killed a spiny frog
  8579 | Lair:2   | Reached skill level 12 in Shields
  8579 | Lair:2   | Reached XP level 11. HP: 94/99 MP: 11/11
  9144 | Lair:2   | Received a gift from Nemelex Xobeh
  9423 | Lair:2   | Reached skill level 13 in Shields
  9477 | Lair:3   | Found a frozen archway.
  9492 | Lair:3   | Reached skill level 10 in Fighting
  9517 | Lair:3   | Received a gift from Nemelex Xobeh
  9549 | IceCv    | Entered an ice cave
  9699 | IceCv    | Mangled by an ice devil

Skill      XL: |  1  2  3  4  5  6  7  8  9 10 11 |
---------------+----------------------------------+-----
Fighting       | 4 5 6 7 8 9 10 | 10.1
Shields        | 4 5 6 7 9 12 13 | 13.5
Dodging        | 2 |  2.0
Axes           | 3 4 5 7 8 |  8.0
Armour         | 4 6 8 9 10 | 10.9
Evocations     | 1 |  1.4
Maces & Flails | 3 6 7 |  7.7
Stealth        | |  0.3

Action                   |  1- 3 |  4- 6 |  7- 9 | 10-12 || total
-------------------------+-------+-------+-------+-------++-------
Melee: War axe           |    88 |    60 |   160 |       ||   308
       Headbutt          |    11 |    11 |    82 |    91 ||   195
       Flail             |       |       |   248 |   424 ||   672
       Peck              |       |       |       |    85 ||    85
 Abil: Evoke Berserk Rag |       |       |     1 |       ||     1
Evoke: Wand              |       |     2 |     4 |     5 ||    11
  Use: Potion            |     1 |       |     3 |    14 ||    18
       Scroll            |       |       |    12 |     7 ||    19
 Stab: Invisible         |       |       |       |     1 ||     1
  Eat: Bread ration      |     1 |       |     1 |     2 ||     4
       Chunk             |       |       |    13 |    18 ||    31
       Beef jerky        |       |       |     1 |     1 ||     2
Armor: Scale mail        |    52 |    27 |    95 |       ||   174
       Plate armour      |       |       |   117 |   225 ||   342
Dodge: Dodged            |    21 |    36 |   136 |   121 ||   314
Block: Shield            |    60 |     7 |   202 |   492 ||   761
       Buckler           |       |    14 |    30 |       ||    44
